Map: Thunderbird LE

Players

Probe

  • Race: Protoss Protoss
  • Spawn Location: 5:00

Hellraiser - Winner!

  • Race: Protoss Protoss
  • Spawn Location: 11:00

VOD

Have the link to the VOD?

Description

Time

  • Played on: Sept. 6, 2019, 5:58 p.m.
  • Length: 7:35
Show
View Real Time Build Order
Export as new Build Order

Probe Protoss 

Build Orders:  

Get SALT Encoding   

  12  0:00  Probe  
  13  0:12  Probe  
  14  0:17  Pylon  
  14  0:23  Probe  
  15  0:31  Probe  
  15  0:38  Gateway  
  15  0:40  Probe  
  16  0:47  Assimilator  
  17  0:51  Probe  
  17  0:54  Assimilator  
  18  0:59  Probe  
  19  1:07  Gateway, Probe  
  19  1:17  Probe  
  21  1:26  Cybernetics Core  
  21  1:29  Probe  
  22  1:34  Pylon  
  22  1:41  Probe  
  23  1:53  Probe  
  24  2:02  Warp Gate, Stalker x2  
  24  2:06  Probe  
  29  2:10  Pylon  
  29  2:20  Probe  
  30  2:32  Stalker x2  
  34  2:41  Probe  
  35  2:45  Robotics Facility  
  35  3:05  Stalker  
  37  3:06  Sentry  
  39  3:17  Nexus  
  39  3:27  Pylon  
  39  3:39  Probe  
  39  3:43  Forge  
  39  3:50  Adept x2  
  39  3:51  Probe  
  44  3:58  Pylon  
  44  3:59  Probe  
  41  4:10  Sentry  
  41  4:11  Stalker  
  45  4:17  Probe  
  45  4:21  Shield Battery  
  46  4:25  Warp Prism  
  46  4:28  Probe x2  
  47  4:36  Probe x2  
  49  4:44  Probe  
  51  4:46  Probe  
  51  4:47  Protoss Ground Weapons Level 1  
  53  4:55  Probe  
  54  5:01  Observer  
  54  5:02  Probe  
  56  5:07  Probe  
  56  5:09  Shield Battery  
  57  5:14  Probe  
  57  5:19  Probe  
  59  5:24  Assimilator  
  59  5:25  Immortal  
  59  5:26  Probe, Assimilator  
  59  5:27  Adept x2  
  64  5:32  Probe  
  69  5:38  Pylon, Probe  
  70  5:44  Twilight Council  
  70  5:54  Gateway  
  70  5:55  Immortal, Gateway  
  70  6:04  Shield Battery x2  
  70  6:07  Sentry  
  70  6:08  Sentry  
  78  6:16  Shield Battery  
  78  6:18  Shield Battery  
  78  6:20  Shield Battery  
  78  6:32  Stalker  
  78  6:39  Immortal  
  76  6:40  Stalker  
  70  6:50  Gateway  
  70  6:52  Zealot  
  70  6:53  Zealot  
  68  6:56  Zealot  
  68  7:00  Probe  
  65  7:07  Zealot x3  
  55  7:11  Probe  
  55  7:15  Probe  
  38  7:24  Stalker  
Show
View Real Time Build Order
Export as new Build Order

Hellraiser Protoss - Winner!

Build Orders: Phoenix Opening 

Get SALT Encoding   

  12  0:00  Probe  
  13  0:12  Probe  
  14  0:17  Pylon  
  14  0:23  Probe  
  15  0:31  Probe  
  15  0:37  Gateway  
  15  0:39  Probe  
  16  0:45  Assimilator  
  17  0:51  Probe  
  17  0:55  Assimilator  
  18  0:59  Probe  
  19  1:07  Gateway, Probe  
  19  1:17  Probe  
  20  1:24  Cybernetics Core  
  21  1:29  Probe  
  22  1:36  Pylon  
  22  1:41  Probe  
  23  1:50  Warp Gate  
  23  1:54  Probe  
  24  2:00  Stalker  
  24  2:01  Sentry  
  28  2:03  Pylon  
  28  2:06  Probe  
  29  2:18  Probe  
  30  2:34  Phoenix, Stalker x2  
  34  2:50  Nexus  
  35  3:04  Stalker x2  
  38  3:12  Pylon  
  38  3:16  Probe  
  39  3:30  Probe  
  39  3:33  Robotics Facility  
  40  3:42  Adept x2  
  40  3:43  Probe  
  45  3:54  Probe  
  46  3:58  Probe  
  46  4:02  Probe  
  47  4:06  Probe  
  48  4:10  Probe  
  48  4:14  Twilight Council  
  48  4:16  Probe  
  50  4:22  Probe  
  50  4:27  Immortal  
  50  4:28  Probe  
  53  4:34  Probe  
  54  4:40  Probe  
  55  4:47  Gateway x2  
  55  4:48  Pylon  
  55  4:49  Resonating Glaives  
  55  4:55  Pylon, Adept  
  55  4:57  Sentry  
  59  5:00  Observer  
  60  5:18  Warp Prism  
  60  5:20  Gateway  
  60  5:22  Gateway  
  60  5:23  Gateway  
  60  5:24  Adept  
  60  5:27  Adept  
  62  5:38  Pylon  
  62  5:42  Adept x2  
  65  5:51  Adept x2  
  69  6:03  Pylon  
  69  6:04  Pylon  
  69  6:17  Adept x3  
  69  6:18  Adept x3  
  81  6:23  Probe  
  81  6:24  Probe  
  77  6:42  Adept x2  
  77  6:43  Adept x5  
  77  6:45  Probe  
  84  6:51  Probe  
  75  6:57  Probe  
  74  7:03  Probe, Adept x5  
  79  7:09  Probe  
  79  7:15  Probe  
  75  7:20  Adept x2  
  79  7:23  Adept x2  
  79  7:24  Adept x2  
Tags
 
Add a new tag
Caveats
  • Supply blocks, unpowered buildings, or Contaminate may cause inaccurate times.
  • Supply counts are checked every 10 seconds.